woodfighter, lawful female giant Barbarian -------- ---- |...P..-----..| |..@...^^^^^..| |.`aa`.------^| |..`.`.|(...|^| |--`a---.`..|^| |..`.`.`..`.|^| |......|`.`.|^| ----...|....|<| ------------ woodfighter the Bandit Experience level: 7 Strength: 18/07 Dexterity: 17 Constitution: 19 Intelligence: 7 Wisdom: 7 Charisma: 9 Health: 0(75) Energy: 8(8) Def: 10 Gold: 418 Moves: 6527 Dungeon seed: 8psvgd9bra9XmDFq Game ID: woodfighter_1537984400 Your Inventory: Coins $ - 418 gold pieces Weapons a - a corroded +0 two-handed sword (weapon in hand) b - a +0 axe Armor c - an uncursed +0 mummy wrapping e - an uncursed rusty +0 dented pot (being worn) N - an uncursed +0 dwarvish cloak W - an uncursed +0 mummy wrapping Comestibles h - 2 uncursed eggs k - 7 uncursed tripe rations I - an uncursed food ration Scrolls l - 3 uncursed scrolls of blank paper Spellbooks f - an uncursed spellbook of cause fear Potions g - an uncursed potion of paralysis t - an uncursed potion of invisibility Z - 2 uncursed potions of hallucination Wands d - a wand of speed monster (0:8) o - a wand of death (0:8) K - a wand of enlightenment (0:11) Tools p - an uncursed oil lamp (0:1076) s - an uncursed sack y - an uncursed bag of holding Gems Y - an uncursed worthless piece of red glass Boulders/Statues i - an uncursed boulder m - an uncursed boulder n - an uncursed boulder q - an uncursed boulder r - an uncursed boulder z - an uncursed boulder O - an uncursed boulder U - an uncursed boulder Contents of the sack: 737 gold pieces a [uncursed] scroll of confuse monster a [uncursed] scroll of create monster a [blessed] scroll of enchant weapon 2 [uncursed] scrolls of identify a [blessed] scroll of light a [uncursed] scroll of scare monster a [uncursed] spellbook of haste self a [uncursed] potion of full healing a [uncursed] potion of gain ability 2 [blessed] potions of gain ability a [uncursed] potion of hallucination a [uncursed] potion of levitation a [uncursed] potion of paralysis a [uncursed] potion of speed a [uncursed] potion of water a [uncursed] ring of polymorph control Contents of the bag of holding: a [uncursed] spellbook of blank paper Spells and supernatural/magical abilities: Name Level Category Fail Memory W - pray for help -- divine ? -- Your skills at the end: Miscellaneous Skills bare handed combat [Basic] Weapon Skills axe [Basic] two-handed sword [Basic] sling [Basic] Spellcasting Skills Final Attributes: You were piously aligned. You were poison resistant. You had infravision. You were fast. You were lucky. You are dead. Vanquished creatures: a large dog a giant beetle 2 leprechauns an orc mummy a dwarf mummy a yeti a Woodland-elf 4 bugbears 2 Uruk-hai a pony 2 fog clouds 2 gnome lords a gnomish wizard a red naga hatchling a golden naga hatchling a paper golem a dwarf 2 homunculi a kobold lord a hill orc a rothe a centipede a monkey an orc zombie a gas spore 4 acid blobs a large kobold a gecko 5 hobgoblins 4 giant rats a cave spider 2 brown molds a yellow mold a gnome 10 manes 4 jackals a fox 12 newts 6 goblins 4 sewer rats 3 grid bugs 2 bats 3 lichens 98 creatures vanquished. Voluntary challenges: You did not adorn yourself with jewelry or accessories. You did not cause conflict. You were not invisible. You did not have reflection. You were not displaced. You had been an atheist until turn 6463. You used a wielded weapon 113 times, starting on turn 170. You did not apply a unicorn horn. You did not use plumbed fixtures. You did not drink any magical draughts. You were illiterate. You never genocided any monsters. You never polymorphed an object. You never changed form. You used no wishes. You never split a pudding. You never wrote Elbereth's name. You never violated your personal moral code. Dungeon overview: The Dungeons of Doom: levels 1 to 8 Level 1 (vault + box) some fountains a long staircase Level 2 stairs to The Gnomish Mines Level 3 a general store, some fountains Level 4 a fountain Level 5 a general store, a fountain Level 6 (eye) a fountain Level 7 many fountains Level 8 stairs to Sokoban The Gnomish Mines: Level 3 stairs to The Dungeons of Doom Sokoban: Level 7 <- You were here a magic chest stairs to The Dungeons of Doom History has recorded: On T:1 you entered the Dungeons of Doom to retrieve the Amulet of Yendor! On T:1036 you reached level 2 of The Dungeons of Doom. On T:1331 you advanced to experience level 2. On T:1470 you reached level 3 of The Dungeons of Doom. On T:1589 you reached level 1 of The Gnomish Mines. On T:1854 you advanced to experience level 3. On T:1873 you reached level 4 of The Dungeons of Doom. On T:2866 you reached level 5 of The Dungeons of Doom. On T:2934 you advanced to experience level 4. On T:3297 you reached level 6 of The Dungeons of Doom. On T:4743 you advanced to experience level 5. On T:5271 you reached level 7 of The Dungeons of Doom. On T:5625 you advanced to experience level 6. On T:5660 you reached level 8 of The Dungeons of Doom. On T:6463 you prayed to Mitra. On T:6479 you advanced to experience level 7. On T:6524 you reached level 4 of Sokoban. Score breakdown: Gold: 1155 ( 115 points) Experience: 7 levels ( 600 points) Exploration: 8 levels ( 210 points) Discoveries: 28 items ( 1400 points) Variety of kills: 43 monsters ( 2000 points) Major goal: (nothing yet) ( 0 points) Survival: died (score multiplied by 3) Total score: 12975 Latest messages: You kill the Uruk-hai! There are a few objects here. p - a lamp. There are a few objects here. $ - 283 gold pieces. There are many more objects here. You see here a bugbear corpse. There are many objects here. t - a cyan potion. You see here a bugbear corpse. There are many objects here. Where do you want to travel to? Three-Room Monte You smite the monkey! The monkey just misses! The monkey misses. You kill the monkey! You smite the soldier ant! The soldier ant misses. The soldier ant stings! The soldier ant misses. The soldier ant stings! The soldier ant's sting was poisoned, but it doesn't affect you. You die... Final status: Goodbye woodfighter the Barbarian, killed by a soldier ant... You died in Sokoban on dungeon level 7 with 12975 points, and 1155 pieces of gold, after 6527 moves. You were level 7 with a maximum of 75 hit points when you died.